 Dungeon Crawl Stone Soup version 0.29.0-13-gc9e81de378 (webtiles) character file.

Game seed: 16985912050154700327

742 nicolae the Shield-Bearer (level 7, -7/41 HPs)
             Began as a Gargoyle Fighter on Sept 11, 2022.
             Mangled by a two-headed ogre
             ... wielding a +0 great mace
              (8 damage)
             ... on level 5 of the Dungeon.
             The game lasted 00:09:16 (5250 turns).

nicolae the Shield-Bearer (Gargoyle Fighter)        Turns: 5250, Time: 00:09:16

Health: -7/41      AC: 12    Str: 28    XL:     7   Next: 76%
Magic:  7/7        EV:  9    Int:  8    God:
Gold:   78         SH:  5    Dex:  9    Spells: 6/6 levels left

rFire   . . .      SeeInvis .   l - +2 broad axe
rCold   . . .      Faith    .   c - +0 buckler
rNeg    + . .      Spirit   .   b - +0 scale mail
rPois   ∞          Reflect  .   (no helmet)
rElec   +          Harm     .   (no cloak)
rCorr   .          Rampage  .   (no gloves)
Will    .....                   h - +0 pair of boots
Stlth   ..........              (no amulet)
HPRegen 0.13/turn               q - +6 ring of strength
MPRegen 0.10/turn               (no ring)

@: no status effects
A: sickness immunity, AC +4, negative energy resistance 1, electricity
resistance, torment resistance 1, petrification resistance
a: no special abilities


You were on level 5 of the Dungeon.
You visited 1 branch of the dungeon, and saw 5 of its levels.

You collected 174 gold pieces.
You spent 96 gold pieces at shops.

Inventory:

Hand Weapons
 l - a +2 broad axe (weapon)
Missiles
 g - 11 poisoned darts (quivered)
Armour
 b - a +0 scale mail (worn)
 c - a +0 buckler (worn)
 h - a +0 pair of boots (worn)
Jewellery
 q - a +6 ring of strength (left hand)
Wands
 o - a wand of iceblast (7)
 u - a wand of flame (28)
Scrolls
 a - a scroll of fear {unknown}
 i - 2 scrolls of vulnerability
 j - 2 scrolls of blinking
 k - 2 scrolls of immolation
 m - 3 scrolls of butterflies
 n - a scroll of poison {unknown}
 s - a scroll of brand weapon {unknown}
 t - a scroll of summoning {unknown}
 w - a scroll of acquirement {unknown}
Potions
 d - a potion of degeneration {unknown}
 e - 2 potions of flight {unknown}
 f - a potion of might
 p - 2 potions of haste {unknown}
 r - 3 potions of curing {unknown}
 v - a potion of heal wounds


   Skills:
 - Level 3.2 Fighting
 + Level 4.4(5.0) Axes
 - Level 3.9(5.0) Maces & Flails
 - Level 3.2 Armour
 - Level 7.0 Shields


You had 6 spell levels left.
You didn't know any spells.
Your spell library contained the following spells:

 Spells                   Type           Power      Damage    Failure   Level
 Necrotise                Necr           0%         1d4       75%         1
 Sandblast                Erth           0%         2d4       75%         1
 Summon Small Mammal      Summ           0%         N/A       75%         1
 Passwall                 Tmut/Erth      0%         N/A       87%         2
 Call Canine Familiar     Summ           0%         N/A       98%         3
 Stone Arrow              Conj/Erth      0%         3d7       98%         3
 Summon Guardian Golem    Hex/Summ       0%         N/A       98%         3
 Vampiric Draining        Necr           0%         2d6       98%         3
 Agony                    Necr           0%         N/A       100%        5


Dungeon Overview and Level Annotations

Branches:
Dungeon (5/15)
 Temple: D:4-7

Altars:
Ashenzari
Dithmenos
Fedhas
Xom

Shops:
D:4 *


Innate Abilities, Weirdness & Mutations

You are immune to sickness and miasma.
Your stone body is resilient. (AC +4)
You are immune to poison.
You resist negative energy. (rN+)
You are resistant to electric shocks. (rElec)
You are resistant to unholy torment.
You are immune to petrification.


Message History

q - a +6 ring of strength You feel stronger.
q - a +6 ring of strength (left hand)
u - a wand of flame (28) No target in view!
j - 2 scrolls of blinking (gained 1)
A quokka comes into view.
You see here a potion of heal wounds.
v - a potion of heal wounds The quokka barely misses you.
You closely miss the quokka.
The quokka bites you but does no damage.
You slash the quokka!
You kill the quokka!
No target in view!
You see here a quokka corpse.
Found a falchion.
You see here a +0 falchion.
w - a scroll labelled DIANICKECI A two-headed ogre comes into view.
It is wielding a +0 great mace and a +0 giant club.
The two-headed ogre shouts in stereo!
Aiming: Iceblast
Press: ? - help, Shift-Dir - straight line, f - two-headed ogre
Aim: a two-headed ogre, wielding a +0 great mace and a +0 giant club The mass of ice explodes!
The iceblast engulfs the two-headed ogre!
The two-headed ogre is moderately wounded.
You slash the two-headed ogre!
The two-headed ogre is moderately wounded.
The two-headed ogre closely misses you. The two-headed ogre misses you.
You hit the two-headed ogre.
The two-headed ogre is heavily wounded.
The two-headed ogre hits you with a +0 great mace!
The two-headed ogre hits you with a +0 giant club!!
Ouch! That really hurt!
* * * LOW HITPOINT WARNING * * *
You hit the two-headed ogre.
The two-headed ogre is heavily wounded.
The two-headed ogre hits you with a +0 great mace!
You die...

#> #
#.#.###.....###......
..... #.....# ###.###
###.# ##...## #.# #
#.# ...... #.# ## #.#
####.# #.#
....###.#######. #.#
#......O...... ..#
#.###################
#..O@....)...........
#####################


You could see a two-headed ogre.

Vanquished Creatures
  Grinder (D:3)
  3 scorpions
  A hound (D:5)
  2 orc priests
  Terence (D:3)
  5 adders
  10 gnolls
  An ufetubus (D:4)
  2 worms
  6 dart slugs
  9 orcs
  9 endoplasms
  3 giant cockroaches
  6 goblins
  7 hobgoblins
  11 jackals
  6 kobolds
  2 quokkas
  7 ball pythons
  6 bats
  2 frilled lizards
  5 rats
105 creatures vanquished.

Vanquished Creatures (others)
  5 plants (D:2)
5 creatures vanquished.

Grand Total: 110 creatures vanquished

Notes
Turn   | Place    | Note
-------+----------+-------------------------------------------
     0 | D:1      | nicolae the Gargoyle Fighter began the quest for the Orb.
     0 | D:1      | Reached XP level 1. HP: 14/14 MP: 1/1
   499 | D:1      | Reached XP level 2. HP: 16/19 MP: 2/2
   620 | D:1      | Reached XP level 3. HP: 13/23 MP: 3/3
   621 | D:1      | Reached skill level 4 in Shields
  1243 | D:1      | Found a faded altar of an unknown god.
  1338 | D:2      | Reached XP level 4. HP: 28/28 MP: 4/4
  1741 | D:2      | Reached XP level 5. HP: 26/32 MP: 5/5
  2043 | D:2      | Reached skill level 5 in Shields
  2578 | D:2      | Reached skill level 1 in Axes
  3062 | D:3      | Reached XP level 6. HP: 18/37 MP: 6/6
  3234 | D:3      | Noticed Grinder
  3242 | D:3      | Paralysed by Grinder for 3 turns
  3246 | D:3      | Paralysed by Grinder for 5 turns
  3269 | D:3      | Killed Grinder
  3270 | D:3      | Reached skill level 6 in Shields
  3270 | D:3      | Reached XP level 7. HP: 31/41 MP: 7/7
  3458 | D:3      | Found a broken altar of Ashenzari.
  3484 | D:3      | Noticed Terence
  3489 | D:3      | Killed Terence
  3734 | D:3      | Found a blossoming altar of Fedhas.
  3734 | D:3      | Found a faded altar of an unknown god.
  3742 | D:3      | Found a faded altar of an unknown god.
  3744 | D:3      | Found a shadowy altar of Dithmenos.
  3746 | D:3      | Found a shimmering altar of Xom.
  4658 | D:4      | Found Ycanarghe's Assorted Antiques.
  4699 | D:4      | Bought a glowing dark potion for 18 gold pieces
  4699 | D:4      | Bought a sedimented red potion for 18 gold pieces
  4699 | D:4      | Bought a glowing grey potion for 18 gold pieces
  4699 | D:4      | Bought a scroll labelled OSOSHR QEILONUVUTA for 21 gold
                  | pieces
  4699 | D:4      | Bought a scroll labelled USYABU AFFE for 21 gold pieces
  4950 | D:5      | Entered Level 5 of the Dungeon
  4970 | D:5      | Reached skill level 7 in Shields
  5243 | D:5      | Noticed a two-headed ogre
  5249 | D:5      | HP: 1/41 [two-headed ogre/+0 great mace (25)]
  5250 | D:5      | Mangled by a two-headed ogre

Illustrated notes

Levels and vault maps discovered:
D:1:      giann_wishing_wells, layout_rooms,
          chequers_ecumenical_altar_simple_redux
D:2:      layout_basic, serial_forest, infiniplex_forest_clump_tiny,
          infiniplex_forest_clump_long, infiniplex_forest_lined_room_2,
          infiniplex_forest_lined_2, infiniplex_forest_clump_double,
          infiniplex_forest_fountain, infiniplex_forest_end_3,
          infiniplex_forest_end_3
D:3:      layout_loops_corners, chequers_temple_overflow_minitemple,
          mainiacjoe_overflow_chevrons, uniq_terence, uniq_grinder
D:4:      layout_layer_cave, serial_shops, shop
D:5:      layout_loops_ring, mainiacjoe_overflow_concentric_impassable,
          mainiacjoe_overflow_six_doors_small, hangedman_abyss_or_decor_passed,
          kennysheep_cross_room

Skill      XL: |  1  2  3  4  5  6  7 |
---------------+----------------------+-----
Shields        | 4 5 6 7 |  7.0
Maces & Flails | 3 |  3.9
Axes           | 1 3 4 |  4.4
Fighting       | |  3.2
Armour         | |  3.2

Action                   |  1- 3 |  4- 6 |  7- 9 || total
-------------------------+-------+-------+-------++-------
Melee: Flail             |   117 |    73 |       ||   190
       Broad axe         |       |    88 |   102 ||   190
Evoke: Wand              |       |     1 |     1 ||     2
  Use: Scroll            |       |     5 |     5 ||    10
       Potion            |       |     3 |       ||     3
Armor: Scale mail        |    73 |    81 |    59 ||   213
       Skin              |       |     6 |       ||     6
Dodge: Dodged            |    57 |    69 |    58 ||   184
Block: Buckler           |    39 |    45 |    28 ||   112
